 Dungeon Crawl Stone Soup version 0.27-a0-1196-g3e9cee4cb2 (webtiles) character file.

Game seed: 16092353182741960530

28 Kold the Sneak (level 2, 2/24 HPs)
             Began as a Demonspawn Delver on May 27, 2021.
             Quit the game on level 5 of the Dungeon.
             The game lasted 00:00:14 (35 turns).

Kold the Sneak (Demonspawn Delver)                    Turns: 35, Time: 00:00:14

Health: 2/24       AC:  3    Str: 12    XL:     2   Next: 96%
Magic:  2/2        EV: 12    Int: 11    God:
Gold:   17         SH:  0    Dex: 14    Spells: 1/1 levels left

rFire    . . .     SeeInvis .   a - +0 hand axe
rCold    . . .     Faith    .   (no shield)
rNeg     . . .     Spirit   .   b - +0 leather armour
rPois    .         Reflect  .   (no helmet)
rElec    .         Harm     .   (no cloak)
rCorr    .         Rampage  .   (no gloves)
Will     .....                  (no boots)
Stlth    +++.......             (no amulet)
HPRegen  0.08/turn              (no ring)
MPRegen  0.08/turn              (no ring)

@: no status effects
A: demonic magic 1
a: no special abilities


You were on level 5 of the Dungeon.
You visited 1 branch of the dungeon, and saw 1 of its levels.

You collected 17 gold pieces.

Inventory:

Hand Weapons
 a - a +0 hand axe (weapon)
Armour
 b - a +0 leather armour (worn)
Wands
 g - a wand of digging (3)
Scrolls
 c - a scroll of fog
 d - a scroll of magic mapping
 e - a scroll of fear
Potions
 f - a potion of haste


   Skills:
 + Level 3.3 Fighting
 + Level 2.2 Axes
 + Level 2.2 Dodging
 + Level 4.7 Stealth


You had one spell level left.
You didn't know any spells.
Your spell library was empty.

Dungeon Overview and Level Annotations

Branches:
Dungeon (5/15)
 Temple: D:4-7

Altars:


Innate Abilities, Weirdness & Mutations

Spells you cast may paralyse adjacent enemies.


Message History

You hit the centaur skeleton.
The centaur skeleton is lightly damaged.
The centaur skeleton hits you. The centaur skeleton kicks you.
The centaur skeleton barely misses you.
The centaur skeleton kicks you but does no damage.
You hit the centaur skeleton.
The centaur skeleton is moderately damaged.
The centaur skeleton hits you but does no damage.
The centaur skeleton kicks you but does no damage.
You slash the centaur skeleton!
The centaur skeleton is heavily damaged.
The centaur skeleton hits you. The centaur skeleton barely misses you.
The centaur skeleton closely misses you.
The centaur skeleton kicks you.
You are too injured to fight recklessly!
You are too injured to fight recklessly!
You hit the centaur skeleton.
The centaur skeleton is severely damaged.
The centaur skeleton hits you.
* * * LOW HITPOINT WARNING * * *
The centaur skeleton kicks you.
* * * LOW HITPOINT WARNING * * *
The centaur skeleton barely misses you.
The centaur skeleton closely misses you.
You hit the centaur skeleton.
The centaur skeleton is almost destroyed.
The centaur skeleton completely misses you.
The centaur skeleton closely misses you.
The centaur skeleton hits you.
* * * LOW HITPOINT WARNING * * *
The centaur skeleton kicks you but does no damage.
You hit the centaur skeleton.
You destroy the centaur skeleton!
Your Axes skill increases to level 2!
Your Dodging skill increases to level 2!
You have reached level 2!
Your demonic ancestry asserts itself...
A menacing aura infuses your magic.
You now have 17 gold pieces.
Are you sure you want to abandon this character and quit the game? (Confirm with "yes".)

#. #. #.######
#......#
#......#
#..$..<#
#......#
#$.@...###
#........#
#........#
#>.......#####
########.....#
#.....# #.....#
###...[>#
########.......#


There were no monsters in sight!

Vanquished Creatures
  A centaur skeleton (D:5)
1 creature vanquished.

Notes
Turn   | Place    | Note
-------+----------+-------------------------------------------
     0 | D:5      | Kold the Demonspawn Delver began the quest for the Orb.
     0 | D:5      | Reached XP level 1. HP: 18/18 MP: 1/1
    27 | D:5      | Gained mutation: Spells you cast may paralyse adjacent
                  | enemies. [demonic ancestry]
    27 | D:5      | Reached XP level 2. HP: 2/24 MP: 2/2
    35 | D:5      | Quit the game

Illustrated notes

Levels and vault maps discovered:
D:5:      layout_rooms, dk_yredelemnul_ordeal, nicolae_overflow_hidden_temple,
          grunt_temple_overflow_open, minmay_temple_entry_junction,
          uniq_blork_the_orc

Skill      XL: |  1 |
---------------+----+-----
Axes           | 2 |  2.2
Dodging        | 2 |  2.2
Fighting       | |  3.3
Stealth        | |  4.7

Action                   || total
-------------------------++-------
Melee: Hand axe          ||     6
Armor: Leather armour    ||     5
Dodge: Dodged            ||     7

Table legend: (Time is in decaauts)
 A = Elapsed time spent in this place.
 B = Non-inter-level travel time spent in this place.
 C = Inter-level travel time spent in this place.
 D = Time resting spent in this place.
 E = Time spent auto-exploring this place.
 F = Levels seen in this place.
 G = Mean time per level.
                   A        B        C        D        E       F      G
               +--------+--------+--------+--------+--------+-----+--------+
         Total |     36 |     36 |      0 |      0 |      0 |   1 |   36.0 |
       Dungeon |     36 |     36 |      0 |      0 |      0 |   1 |   36.0 |
               +--------+--------+--------+--------+--------+-----+--------+

Top non-repeatable levels by time:
     D:5: 36 daAuts
